 Dungeon Crawl Stone Soup version 0.25-a0-701-gb30f108f01 (webtiles) character file.

Game seed: 9772960779965856345, levelgen mode: deterministic

4692 Ezendos the Blocker (level 10, 0/91 HPs)
             Began as a Ghoul Chaos Knight on Apr 2, 2020.
             Was a Plaything of Xom.
             Slain by an azure jelly (5 damage)
             ... on level 8 of the Dungeon on Apr 3, 2020.
             The game lasted 00:42:26 (10018 turns).

Ezendos the Blocker (Ghoul Chaos Knight)           Turns: 10018, Time: 00:42:26

Health: 0/91       AC: 12    Str: 20      XL:     10   Next: 44%
Magic:  10/10      EV:  5    Int:  6 (7)  God:    Xom [..*...]
Gold:   217        SH: 11    Dex:  8      Spells: 9/9 levels left

rFire    . . .     SeeInvis .     - Unarmed
rCold    + + .     Gourm    .   h - +0 kite shield
rNeg     + + +     Faith    .   K - +0 plate armour
rPois    ∞         Spirit   .   x - +0 helmet
rElec    .         Reflect  .   (no cloak)
rCorr    .         Harm     .   (no gloves)
MR       .....                  (no boots)
Stlth    ..........             (no amulet)
HPRegen  0.00/turn              e - ring of protection from cold
MPRegen  0.12/turn              (no ring)

@: rotting
A: rotting body, claws 1, carnivore, cold resistance 1, negative energy
resistance 3, inhibited regeneration, torment resistance, unbreathing
a: Renounce Religion


You were on level 8 of the Dungeon.
You worshipped Xom.
You were a toy of Xom.
You were not hungry.

You visited 2 branches of the dungeon, and saw 10 of its levels.

You collected 517 gold pieces.
You spent 300 gold pieces at shops.

Inventory:

Hand Weapons
 f - a +0 hunting sling
 l - a +2 dagger of venom
Missiles
 d - 25 poisoned darts (quivered)
 s - 12 sling bullets
 v - a silver boomerang
 y - 8 javelins
 z - a throwing net
Armour
 h - a +0 kite shield (worn)
 j - a +0 scale mail
 x - a +0 helmet (worn)
 K - a +0 plate armour (worn)
Jewellery
 e - a ring of protection from cold (left claw)
 p - an uncursed ring of fire
 E - a +5 ring of dexterity
Wands
 D - a wand of paralysis (11)
 H - a wand of disintegration (6)
Scrolls
 a - a scroll of magic mapping
 i - a scroll of enchant armour {unknown}
 o - a scroll of amnesia
 A - 2 scrolls of remove curse
 F - 4 scrolls of immolation
 I - a scroll of random uselessness {unknown}
 J - a scroll of fog
Potions
 c - a potion of mutation
 m - 2 potions of flight
 n - a potion of brilliance {unknown}
 q - a potion of berserk rage
 r - a potion of heal wounds
 t - 3 potions of magic
 B - 3 potions of curing
 G - a potion of stabbing
Comestibles
 b - 22 rations


   Skills:
 - Level 9.0 Fighting
 - Level 2.9 Armour
 - Level 3.0 Dodging
 - Level 9.6 Shields
 - Level 7.2 Unarmed Combat
 + Level 1.7 Evocations


You had 9 spell levels left.
You didn't know any spells.
Your spell library contained the following spells:

 Spells                   Type           Power        Failure   Level  Hunger
 Sandblast                Erth           #.....       100%        1    ##.....
 Passwall                 Tmut/Erth      #.......     100%        2    ###....
 Stone Arrow              Conj/Erth      #.....       100%        3    ####...
 Petrify                  Tmut/Erth      #.......     100%        4    #####..
 Lee's Rapid Deconstruct  Erth           #.........   100%        5    ######.


Dungeon Overview and Level Annotations

Branches:
Dungeon (9/15)             Temple (0/1) D:4            Lair (1/6) D:9
    Orc: D:9-12

Altars:
Ashenzari
Nemelex Xobeh
Xom
The Shining One

Shops:
D:7 [}=?

Annotations:
D:5 2 runed translucent doors, dracos369's ghost, novice VSEn
D:7 2 transporters


Innate Abilities, Weirdness & Mutations

Your body is rotting away.
You thrive on raw meat.
You are immune to poison.
You have sharp fingernails.
You are carnivorous and can eat meat at any time.
Your flesh is cold resistant. (rC+)
You are immune to negative energy. (rN+++)
You do not regenerate when monsters are visible.
You are immune to unholy pain and torment.
You can survive without breathing.


Message History

You block the azure jelly's attack. The azure jelly hits you!
* * * LOW HITPOINT WARNING * * *
The azure jelly freezes you! You resist.
* * * LOW HITPOINT WARNING * * *
You block the azure jelly's attack. The azure jelly hits you.
* * * LOW HITPOINT WARNING * * *
Okay, then.
Okay, then.
Okay, then.
Okay, then.
Okay, then.
Okay, then.
As you read the scroll of fear, it crumbles to dust.
You assume a fearsome visage.
The azure jelly resists with almost no effort.
The azure jelly hits you!
* * * LOW HITPOINT WARNING * * *
The azure jelly freezes you. You resist.
You die...
Xom is highly amused!

#...#.#.#.#.#.)........#
#.#.#.......#.....##.#.#
#.#.###.#........###.#.# #.#.#
#.###.###...##...# #.#.# #.#
#...(.#....... #.#.# #.#
#.###...###..#
#.#.###.###.####.#......
##.#...........##.......#
#.......@J...............
########..#####.......#######.##
#.........# #####.#.# #.#
#.#######.# ##.#.# #.# #.#
####.########....#######.# #.#
#........................# #.#
#.##.......Y#....######### #.#
#o############........##### #.#
#.# ########......


You could see an azure jelly.

Vanquished Creatures
  Pikel (D:6)
  Prince Ribbit (D:6)
  A hornet (D:9)
  A yak (D:9)
  A steam dragon (D:9)
  A naga (D:9)
  An acid dragon (D:6)
  A soldier ant (D:6)
  A water moccasin (D:9)
  An orc warrior (D:6)
  A sky beast (D:5)
  3 phantoms
  A slave (D:6)
  2 necrophages
  6 ogres
  3 centaurs (D:5)
  2 bullfrogs
  2 scorpions
  5 wights
  A howler monkey (D:7)
  A crimson imp (D:9)
  2 jellies
  A quasit (D:8)
  A centaur zombie (D:5)
  7 hounds
  2 orc priests
  6 orc wizards
  2 bullfrog skeletons
  6 worker ants
  An iguana (D:8)
  A hound zombie (D:9)
  2 hound skeletons
  4 gnolls (D:7)
  8 adders
  A howler monkey skeleton (D:9)
  2 oozes
  An adder zombie (D:5)
  2 worms
  5 dart slugs
  5 leopard geckos
  15 orcs
  A ball python (D:2)
  3 giant cockroaches
  9 goblins
  10 hobgoblins
  A jackal (D:4)
  4 quokkas
  14 bats
  2 frilled lizards (D:1)
  6 kobolds
  5 rats
166 creatures vanquished.

Vanquished Creatures (collateral kills)
  A yak (D:9)
  An ogre (D:8)
  3 killer bees (D:8)
5 creatures vanquished.

Vanquished Creatures (others)
  An orc wizard (D:9)
  An adder skeleton (D:9)
  2 orcs (D:9)
  A fire vortex (D:7)
5 creatures vanquished.

Grand Total: 176 creatures vanquished

Notes
Turn   | Place    | Note
-------+----------+-------------------------------------------
     0 | D:1      | Ezendos the Ghoul Chaos Knight began the quest for the Orb.
     0 | D:1      | Reached XP level 1. HP: 19/19 MP: 0/0
    15 | D:1      | Found a shattered altar of Ashenzari,
    16 | D:1      | XOM: potion effect (haste)
    29 | D:1      | Reached skill level 1 in Dodging
   108 | D:1      | Reached XP level 2. HP: 26/26 MP: 1/1
   147 | D:1      | XOM: divination: magic mapping
   339 | D:1      | Reached XP level 3. HP: 33/33 MP: 2/2
   722 | D:2      | XOM: smoke on damage
  1007 | D:2      | XOM: divination: detect items
  1177 | D:3      | XOM: noise
  1266 | D:3      | Reached XP level 4. HP: 34/40 MP: 3/3
  1394 | D:3      | XOM: potion effect (might)
  1431 | D:3      | Reached skill level 1 in Shields
  1464 | D:3      | XOM: potion effect (might)
  1468 | D:3      | XOM: potion effect (curing)
  1490 | D:2      | Reached XP level 5. HP: 13/47 MP: 4/4
  1577 | D:3      | XOM: silly message
  1741 | D:3      | Reached XP level 6. HP: 55/55 MP: 5/5
  2128 | D:4      | Found a staircase to the Ecumenical Temple,
  2194 | D:4      | Reached skill level 5 in Fighting
  2248 | D:4      | XOM: potion effect (invisibility)
  2474 | D:4      | XOM: cast spell 'Summon Butterflies'
  2551 | D:4      | Reached XP level 7. HP: 32/61 MP: 6/6
  2726 | D:4      | XOM: harmless Chrm miscast
  2752 | D:4      | Found a shimmering altar of Xom,
  3004 | D:5      | Entered Level 5 of the Dungeon
  3045 | D:5      | XOM: silly message
  3061 | D:5      | XOM: divination: detect items
  3069 | D:5      | XOM: harmless Necr miscast
  3334 | D:5      | XOM: god gift: 2 silver boomerangs
  3400 | D:5      | Found a runed translucent door,
  3400 | D:5      | Noticed dracos369's ghost (novice VSEn)
  3409 | D:5      | XOM: medium Conj miscast
  3560 | D:5      | Reached skill level 5 in Unarmed Combat
  3568 | D:5      | XOM: 2-stop teleportation journey
  3620 | D:5      | XOM: confuse monster(s)
  3637 | D:5      | XOM: divination: magic mapping
  3696 | D:5      | XOM: harmless Conj miscast
  3824 | D:5      | XOM: harmless Pois miscast
  3879 | D:5      | Reached XP level 8. HP: 60/69 MP: 7/7
  3953 | D:5      | Reached skill level 5 in Shields
  4306 | D:5      | Found a runed translucent door,
  4461 | D:6      | XOM: mild Summ miscast
  4509 | D:6      | XOM is BORED!
  4509 | D:6      | XOM: medium Erth miscast
  4514 | D:6      | XOM: 2-stop teleportation journey
  4647 | D:6      | XOM: polymorph sky beast -> naga
  4648 | D:6      | XOM: polymorph naga -> soldier ant
  5110 | D:7      | Found a transporter,
  5116 | D:7      | Noticed a kobold demonologist
  5116 | D:7      | Noticed an orc sorcerer
  5148 | D:7      | Found Synikk's Gadget Shoppe,
  5150 | D:7      | Noticed Prince Ribbit
  5223 | D:7      | Bought a wand of disintegration (11) for 195 gold pieces
  5301 | D:7      | Noticed Pikel
  5303 | D:7      | XOM: summons friendly iron imp
  5370 | D:7      | Found a transporter,
  5423 | D:6      | XOM: swap monsters
  5432 | D:6      | Reached XP level 9. HP: 63/79 MP: 8/8
  5454 | D:6      | XOM: polymorph scorpion -> acid dragon
  5457 | D:6      | XOM: blink monster(s)
  5460 | D:6      | XOM: harmless Chrm miscast
  5520 | D:6      | XOM: summons 2 hostile demons
  5783 | D:6      | XOM: enchant monster (good)
  5841 | D:7      | XOM: summons friendly quasit
  5869 | D:7      | XOM: god gift: scale mail {god gift}
  6077 | D:7      | Found Nier's Magic Scroll Boutique,
  6077 | D:7      | Found Kussoes's Jewellery Emporium,
  6077 | D:7      | XOM: 6-stop teleportation journey
  6172 | D:6      | XOM: smoke on damage
  6174 | D:6      | Killed Prince Ribbit
  6501 | D:7      | Bought a scroll of identify for 20 gold pieces
  6501 | D:7      | Bought a scroll of noise for 10 gold pieces
  6501 | D:7      | Bought a scroll of identify for 20 gold pieces
  6501 | D:7      | Bought a scroll of fog for 20 gold pieces
  6501 | D:7      | Bought a scroll of immolation for 35 gold pieces
  6600 | D:6      | Killed Pikel
  6706 | D:7      | Found Ydicw's Armour Shoppe,
  6743 | D:8      | XOM: enchant monster (good)
  6768 | D:7      | Upgraded the game from 0.25-a0-699-g25a338df49 to
                  | 0.25-a0-701-gb30f108f01
  7050 | D:8      | XOM: noise
  7078 | D:8      | Found a sparkling altar of Nemelex Xobeh.
  7315 | D:8      | XOM: noise
  7353 | D:8      | Found a shadowy altar of Dithmenos.
  7355 | D:8      | Found a shattered altar of Ashenzari.
  7355 | D:8      | Found a shimmering altar of Xom.
  7357 | D:8      | Found a glowing golden altar of the Shining One.
  7357 | D:8      | Found an opulent altar of Gozag.
  7357 | D:8      | Found a shimmering altar of Xom.
  7365 | D:8      | Got a polished hand axe
  7456 | D:8      | Identified the cursed +3 hand axe of Blood-Lust {speed,
                  | Dex+4} (You found it on level 8 of the Dungeon)
  7486 | D:8      | XOM: cloud trail
  7632 | D:9      | XOM: butterfly on damage
  7689 | D:8      | XOM: medium Summ miscast
  7690 | D:8      | Noticed a red devil
  7905 | D:8      | XOM: cloud trail
  7930 | D:8      | Reached XP level 10. HP: 57/91 MP: 9/9
  7988 | D:8      | XOM: noise
  8103 | D:9      | XOM: confuse monster(s)
  8145 | D:9      | XOM: divination: magic mapping
  8146 | D:9      | XOM: polymorph crocodile -> naga
  8210 | D:9      | Noticed a death yak
  8210 | D:9      | Noticed a death yak
  8210 | D:9      | Noticed a death yak
  8219 | D:9      | XOM: summons 3 friendly demons
  8227 | D:9      | XOM: destruction
  8236 | D:9      | XOM: summons 2 friendly demons
  8242 | D:9      | XOM: summons 3 friendly demons
  8251 | D:9      | XOM: potion effect (might)
  8271 | D:9      | Noticed a storm dragon
  8271 | D:9      | a death yak changed into a storm dragon
  8271 | D:9      | XOM: polymorph death yak -> storm dragon
  8272 | D:9      | XOM: blink monster(s)
  8276 | D:9      | Found a staircase to the Lair.
  8285 | Lair:1   | Entered Level 1 of the Lair of Beasts
  8346 | Lair:1   | Noticed a seven-headed hydra
  8383 | D:9      | XOM: summons 3 hostile shadow creatures
  8422 | D:9      | XOM: noise
  8436 | D:9      | XOM: scenery: 1 doors close
  8830 | D:9      | Found a glowing golden altar of the Shining One.
  8899 | D:9      | XOM: summons 3 hostile demons
  8918 | D:9      | XOM: chaos upgrade
  8921 | D:9      | XOM: chaos cloud
  8928 | D:9      | Reached skill level 1 in Evocations
  9068 | D:9      | XOM: stat loss: -1 Int (6/7)
  9127 | D:9      | Noticed a fire giant
  9127 | D:9      | a storm dragon changed into a fire giant
  9127 | D:9      | XOM: polymorph storm dragon -> fire giant
  9259 | D:8      | Noticed an azure jelly
  9259 | D:8      | a death yak changed into an azure jelly
  9259 | D:8      | XOM: polymorph death yak -> azure jelly
  9270 | D:8      | XOM: medium Conj miscast
  9276 | D:9      | Noticed an azure jelly
  9276 | D:9      | a fire giant changed into an azure jelly
  9276 | D:9      | XOM: polymorph fire giant -> azure jelly
  9289 | D:8      | XOM: harmless Necr miscast
  9294 | D:8      | XOM: cast spell 'Summon Ice Beast'
  9311 | D:8      | XOM: noise
  9518 | D:7      | XOM: mild Fire miscast
  9724 | D:8      | XOM: noise
  9760 | D:9      | XOM: mild Pois miscast
  9765 | D:9      | XOM: divination: detect creatures
 10018 | D:8      | Slain by an azure jelly

Levels and vault maps discovered:
D:1:      scummos_arrival_simple_crosswalls, layout_loops_cross,
          ashenzari_altar_1
D:2:      layout_basic, first_ration
D:3:      layout_basic, chequers_serial_rivers_micro_c, minmay_checkerbox
D:4:      minmay_diamond_boxcup, layout_loops_cross, kennysheep_mini_moat,
          temple_green
D:5:      layout_layer_cave, ebering_ghost_sewer_f
D:6:      minmay_octagon_keep, layout_gridville
D:7:      gammafunk_wand_slinger, layout_cave_pools, serial_shops, shop,
          nicolae_shop_trees, nicolae_shop_crystal, shop_fountains, uniq_pikel,
          uniq_prince_ribbit1
D:8:      layout_loops_ring, basic_altar, grunt_ogre_cave, doesnt_xom_only_xom
D:9:      layout_roguey, tso_altar, dpeg_lair_monsters, st_stairs_9,
          grunt_ministairs_4, minmay_circle_x
Lair:1:   layout_misc_corridors, basic_altar, st_stairs_5

Skill      XL: |  1  2  3  4  5  6  7  8  9 10 |
---------------+-------------------------------+-----
Dodging        | 1 2 3 |  3.0
Armour         | 2 |  2.9
Fighting       | 4 5 6 7 9 |  9.0
Unarmed Combat | 4 5 6 7 |  7.2
Shields        | 1 2 3 4 6 9 |  9.6
Evocations     | 1 |  1.7

Action                   |  1- 3 |  4- 6 |  7- 9 | 10-12 || total
-------------------------+-------+-------+-------+-------++-------
Melee: Unarmed           |   132 |   158 |   297 |   238 ||   825
       Dagger            |       |       |    19 |       ||    19
 Fire: Hunting sling     |       |     3 |     3 |       ||     6
Throw: Boomerang         |       |       |    10 |       ||    10
       Dart              |       |       |    44 |       ||    44
       Javelin           |       |       |     2 |       ||     2
Evoke: Wand              |       |       |     2 |     3 ||     5
  Use: Potion            |     1 |     2 |     1 |     2 ||     6
       Scroll            |       |     4 |    14 |     4 ||    22
 Stab: Invisible         |       |     2 |       |       ||     2
       Confused          |       |       |     2 |       ||     2
       Petrified         |       |       |     2 |       ||     2
       Petrifying        |       |       |     1 |       ||     1
  Eat: Chunk             |     5 |    24 |    39 |    18 ||    86
Armor: Leather armour    |    55 |       |       |       ||    55
       Ring mail         |       |    48 |    49 |       ||    97
       Scale mail        |       |       |    25 |    13 ||    38
       Plate armour      |       |       |       |   124 ||   124
Dodge: Dodged            |    75 |    56 |    95 |    58 ||   284
Block: Kite shield       |    28 |    55 |   170 |   164 ||   417

Table legend:
 A = Non-vault XP
 B = Vault XP
 C = Vault XP percentage of total XP
 D = Non-vault monster count
 E = Vault monster count
 F = Vault count percentage of total count
                 A         B        C        D         E       F
            +---------+---------+-------+---------+---------+-------
      Total |    4691 |    2013 |  30.0 |     148 |      24 |  14.0
            +---------+---------+-------+---------+---------+-------
        D:1 |      56 |       0 |   0.0 |      28 |       0 |   0.0
        D:2 |     146 |       0 |   0.0 |      18 |       0 |   0.0
        D:3 |     153 |      30 |  16.4 |      20 |       4 |  16.7
        D:4 |     157 |     115 |  42.3 |       8 |       7 |  46.7
        D:5 |     880 |       0 |   0.0 |      11 |       0 |   0.0
        D:6 |     379 |    1269 |  77.0 |       7 |       6 |  46.2
        D:7 |     527 |       0 |   0.0 |      15 |       0 |   0.0
        D:8 |     738 |     168 |  18.5 |      15 |       2 |  11.8
        D:9 |    1655 |     431 |  20.7 |      26 |       5 |  16.1
            +---------+---------+-------+---------+---------+-------
